cohdb
Replays
Latest Replays
All Replays
Popular Replays
Top Player Replays
Match Explorer
How It Works
Community
CoH3 Stats
Reddit
Sign in to upload your games and track your stats! →
Sign in with Steam
Match 47144827
Unlisted
Match 47144827
Overview
Messages
Build Orders
End
Kradschützen Motorcycle Team
Panzerpioneer Squad
250 Light Carrier
Construct Light Support Kompanie
Assault Grenadier Squad
Assault Grenadier Squad
Selects Panzerjäger Kommand Battlegroup
Selects Tank Busters
Construct Mechanized Kompanie
Panzerjäger Mechanized Group
8 Rad Armored Car
2.5-tonne Medical Truck
Vehicle Survival Package
2.5-tonne Medical Truck
Panzerjäger Mechanized Group
Kradschützen Motorcycle Team
Selects Mine Fields
Selects Defensive Positions
Selects Butterfly Bomb Drop
Support Armor Elements
StuG III D Assault Gun
Goodvyn
noneandnull
0
0
Comments
sign in to comment!
No comments posted yet!